Map: Lightshade LE

Players

Maplez

  • Race: Protoss Protoss

Asuna - Winner!

  • Race: Protoss Protoss

VOD

Have the link to the VOD?

Description

Time

  • Played on: Oct. 7, 2021, 3:12 p.m.
  • Length: 8:52
Show
View Real Time Build Order
Export as new Build Order

Maplez Protoss 

Build Orders:  

Get SALT Encoding   

  12  0:00  Probe  
  13  0:12  Probe  
  14  0:16  Pylon  
  14  0:24  Probe (Chrono Boost)  
  16  0:37  Gateway, Probe (Chrono Boost)  
  16  0:43  Probe (Chrono Boost)  
  16  0:47  Assimilator  
  17  0:51  Probe  
  17  0:55  Assimilator  
  18  1:03  Probe (Chrono Boost)  
  19  1:13  Probe (Chrono Boost)  
  19  1:16  Gateway  
  19  1:18  Probe (Chrono Boost)  
  21  1:27  Cybernetics Core  
  21  1:29  Probe  
  22  1:38  Pylon  
  22  1:43  Probe  
  23  1:56  Probe  
  24  2:01  Warp Gate (Chrono Boost)  
  24  2:04  Stalker x2  
  28  2:15  Pylon  
  28  2:20  Probe  
  29  2:34  Stalker x2  
  29  2:35  Probe  
  34  3:00  Nexus  
  34  3:06  Probe  
  34  3:10  Shield Battery  
  35  3:17  Shield Battery  
  35  3:20  Probe  
  36  3:28  Twilight Council  
  36  3:37  Pylon  
  35  3:44  Stalker  
  37  3:49  Stalker  
  39  3:58  Shield Battery  
  39  4:01  Blink (Chrono Boost)  
  39  4:02  Shield Battery  
  39  4:11  Probe  
  39  4:15  Shield Battery  
  40  4:20  Sentry x2  
  40  4:23  Probe  
  45  4:29  Probe  
  46  4:34  Shield Battery  
  46  4:37  Probe (Chrono Boost)  
  44  4:43  Probe (Chrono Boost)  
  45  4:45  Dark Shrine  
  45  4:46  Stalker x2  
  45  4:49  Probe (Chrono Boost)  
  50  4:55  Probe (Chrono Boost)  
  50  4:57  Probe (Chrono Boost)  
  50  4:59  Probe (Chrono Boost)  
  52  5:03  Probe  
  54  5:10  Adept x2  
  54  5:12  Pylon  
  58  5:14  Probe  
  58  5:17  Probe  
  60  5:24  Robotics Facility  
  60  5:27  Probe  
  61  5:29  Probe  
  62  5:36  Stalker x2  
  62  5:40  Shield Battery  
  62  5:41  Probe  
  67  5:46  Probe  
  68  5:53  Probe  
  69  5:58  Probe  
  69  6:03  Pylon  
  70  6:08  Assimilator  
  70  6:21  Observer (Chrono Boost)  
  70  6:22  Nexus, Dark Templar  
  70  6:24  Probe, Pylon  
  74  6:27  Dark Templar  
  74  6:29  Probe  
  70  6:36  Probe  
  66  6:41  Probe  
  60  6:48  Probe (Chrono Boost)  
  58  6:59  Probe (Chrono Boost)  
  58  7:00  Probe (Chrono Boost)  
  57  7:05  Probe (Chrono Boost)  
  57  7:06  Probe (Chrono Boost)  
  59  7:13  Pylon  
  59  7:15  Probe (Chrono Boost)  
  60  7:16  Stalker  
  60  7:18  Probe (Chrono Boost)  
  63  7:27  Probe (Chrono Boost)  
  65  7:30  Probe (Chrono Boost)  
  65  7:36  Probe (Chrono Boost)  
  67  7:38  Probe (Chrono Boost)  
  67  7:39  Probe (Chrono Boost)  
  69  7:46  Probe (Chrono Boost)  
  69  7:47  Probe (Chrono Boost)  
  69  7:48  Probe (Chrono Boost)  
  69  7:50  Dark Templar  
  73  7:51  Probe (Chrono Boost)  
  73  7:53  Probe  
  73  7:56  Probe  
  75  7:59  Shield Battery  
  75  8:00  Shield Battery  
  75  8:01  Stalker  
  75  8:04  Gateway  
  79  8:06  Gateway  
  74  8:15  Pylon  
  74  8:16  Gateway  
  74  8:17  Gateway  
  74  8:21  Gateway  
  73  8:30  Shield Battery  
  71  8:38  Dark Templar  
  71  8:39  Dark Templar  
Show
View Real Time Build Order
Export as new Build Order

Asuna Protoss - Winner!

Build Orders:  

Get SALT Encoding   

  12  0:00  Probe  
  13  0:12  Probe  
  14  0:17  Pylon  
  14  0:24  Probe (Chrono Boost)  
  15  0:35  Gateway  
  15  0:37  Probe (Chrono Boost)  
  16  0:45  Probe (Chrono Boost)  
  16  0:46  Assimilator  
  17  0:51  Probe  
  17  0:54  Assimilator  
  18  1:03  Probe (Chrono Boost)  
  19  1:08  Gateway  
  19  1:15  Probe (Chrono Boost)  
  20  1:20  Probe (Chrono Boost)  
  20  1:22  Cybernetics Core  
  21  1:29  Probe  
  21  1:32  Pylon  
  22  1:41  Probe  
  23  1:53  Probe  
  24  1:59  Warp Gate (Chrono Boost)  
  24  2:00  Stalker x2  
  28  2:06  Probe  
  28  2:07  Pylon  
  29  2:19  Probe  
  30  2:30  Stalker x2  
  30  2:31  Pylon  
  34  2:49  Gateway  
  34  3:00  Stalker x2  
  38  3:13  Shield Battery  
  38  3:38  Shield Battery  
  38  3:43  Adept x2  
  38  3:44  Stalker  
  44  3:50  Nexus  
  44  3:59  Pylon  
  44  4:06  Stalker  
  46  4:14  Twilight Council  
  47  4:20  Stalker x2  
  50  4:27  Pylon  
  50  4:28  Probe  
  51  4:41  Probe  
  50  4:46  Adept  
  50  4:48  Blink (Chrono Boost)  
  50  4:52  Dark Shrine  
  52  4:53  Probe  
  53  5:05  Probe x2  
  55  5:16  Shield Battery  
  55  5:17  Probe  
  56  5:22  Robotics Facility  
  57  5:29  Probe (Chrono Boost)  
  57  5:31  Probe (Chrono Boost)  
  58  5:40  Probe (Chrono Boost)  
  60  5:44  Probe (Chrono Boost)  
  60  5:45  Probe (Chrono Boost)  
  60  5:47  Gateway  
  61  5:54  Probe  
  58  5:57  Probe  
  58  6:00  Pylon  
  59  6:06  Assimilator, Probe  
  59  6:07  Dark Templar x2  
  59  6:10  Probe  
  65  6:14  Observer  
  67  6:18  Probe  
  67  6:22  Probe  
  68  6:25  Pylon  
  68  6:30  Probe  
  69  6:36  Pylon  
  69  6:39  Pylon  
  69  6:40  Probe  
  69  6:42  Probe  
  71  6:52  Stalker x2  
  73  7:01  Gateway  
  73  7:02  Immortal (Chrono Boost)  
  73  7:03  Gateway  
  75  7:12  Assimilator  
  75  7:15  Forge  
  75  7:18  Sentry  
  75  7:19  Stalker x2  
  81  7:25  Gateway  
  81  7:29  Pylon  
  81  7:34  Observer (Chrono Boost)  
  82  7:40  Stalker, Pylon  
  84  7:44  Stalker x2  
  84  7:45  Stalker  
  90  7:56  Photon Cannon  
  90  7:58  Stalker  
  92  8:00  Stalker  
  94  8:06  Observer  
  94  8:18  Nexus  
  94  8:24  Probe x2  
  87  8:35  Stalker  
  87  8:36  Probe x2  
  89  8:48  Stalker  
Tags
 
Add a new tag
Caveats
  • Supply blocks, unpowered buildings, or Contaminate may cause inaccurate times.
  • Supply counts are checked every 10 seconds.